Map: Port Aleksander LE

Players

Throwfordays - Winner!

  • Race: Protoss Protoss
  • League: Bronze
  • Spawn Location: 5:00

VOD

Have the link to the VOD?

Description

Time

  • Played on: Jan. 23, 2019, 7:11 p.m.
  • Length: 10:30
Show
View Real Time Build Order
Export as new Build Order

Throwfordays Protoss - Winner!

Build Orders:  

Get SALT Encoding   

  12  0:04  Probe (Chrono Boost)  
  14  0:21  Probe (Chrono Boost)  
  14  0:28  Pylon  
  14  0:38  Probe (Chrono Boost)  
  15  0:51  Assimilator  
  15  0:55  Probe (Chrono Boost)  
  16  1:12  Probe (Chrono Boost)  
  16  1:13  Gateway  
  17  1:29  Probe (Chrono Boost)  
  18  1:46  Probe (Chrono Boost)  
  19  2:03  Probe (Chrono Boost)  
  20  2:13  Nexus  
  20  2:20  Cybernetics Core  
  20  2:34  Assimilator  
  20  2:44  Gateway  
  20  2:55  Probe (Chrono Boost)  
  21  3:05  Pylon  
  22  3:12  Probe (Chrono Boost)  
  22  3:14  Pylon  
  22  3:29  Probe (Chrono Boost)  
  23  3:46  Probe (Chrono Boost)  
  25  4:00  Probe (Chrono Boost)  
  25  4:02  Probe (Chrono Boost)  
  25  4:08  Warp Gate  
  26  4:17  Probe (Chrono Boost)  
  26  4:19  Probe (Chrono Boost)  
  28  4:22  Pylon  
  28  4:33  Probe (Chrono Boost)  
  28  4:36  Probe (Chrono Boost)  
  33  4:50  Probe (Chrono Boost)  
  33  4:53  Probe (Chrono Boost)  
  34  5:05  Pylon  
  34  5:07  Probe (Chrono Boost)  
  36  5:10  Probe (Chrono Boost)  
  36  5:19  Pylon  
  36  5:20  Adept  
  36  5:23  Unknown  
  36  5:24  Probe (Chrono Boost)  
  36  5:27  Probe (Chrono Boost)  
  41  5:41  Probe (Chrono Boost)  
  41  5:44  Probe (Chrono Boost)  
  41  5:49  Adept  
  44  5:50  Adept  
  44  5:55  Gateway  
  44  5:56  Gateway  
  44  5:58  Probe (Chrono Boost)  
  48  6:01  Probe (Chrono Boost)  
  48  6:06  Gateway  
  48  6:16  Gateway  
  48  6:17  Gateway  
  48  6:21  Forge  
  48  6:29  Adept x2  
  52  6:30  Forge  
  52  6:42  Twilight Council  
  52  7:08  Adept x2  
  56  7:14  Protoss Ground Weapons Level 1  
  56  7:17  Protoss Ground Armor Level 1  
  56  7:20  Nexus  
  56  7:32  Adept x2  
  56  7:35  Stalker  
  56  7:36  Stalker  
  64  7:40  Stalker  
  64  7:46  Stalker  
  65  8:27  Stalker x2  
  65  8:28  Sentry  
  65  8:29  Sentry  
  73  8:30  Adept x2  
  77  9:06  Stalker x3  
  77  9:07  Stalker  
  85  9:11  Zealot x2  
  87  10:10  Unknown  
Tags
 
League
Bronze
Matchup
Co-op
Replay Pack
Multiplayer
Add a new tag
Caveats
  • Supply blocks, unpowered buildings, or Contaminate may cause inaccurate times.
  • Supply counts are checked every 10 seconds.